 Dungeon Crawl Stone Soup version 0.27-a0-416-gca2cecf3c0 (webtiles) character file.

Game seed: 7768061917396711385

48 Morbidden the Ducker (level 3, -1/27 HPs)
             Began as a Demonspawn Gladiator on Feb 25, 2021.
             Killed from afar by Sigmund (7 damage)
             ... with a magic dart
             ... on level 3 of the Dungeon.
             The game lasted 00:03:11 (1651 turns).

Morbidden the Ducker (Demonspawn Gladiator)         Turns: 1651, Time: 00:03:12

Health: -1/27      AC:  3    Str: 14    XL:     3   Next: 50%
Magic:  3/3        EV: 13    Int: 10    God:
Gold:   141        SH:  0    Dex: 14    Spells: 2/2 levels left

rFire    . . .     SeeInvis .   (no weapon)
rCold    . . .     Faith    .   (no shield)
rNeg     . . .     Spirit   .   b - +0 leather armour
rPois    .         Reflect  .   (helmet restricted)
rElec    .         Harm     .   (no cloak)
rCorr    .         Rampage  .   (no gloves)
Will     .....                  (no boots)
Stlth    +.........             (no amulet)
HPRegen  0.09/turn              (no ring)
MPRegen  0.08/turn              (no ring)

@: no status effects
A: horns 1
a: no special abilities


You were on level 3 of the Dungeon.
You visited 1 branch of the dungeon, and saw 3 of its levels.

You collected 141 gold pieces.

Inventory:

Hand Weapons
 n - a +0 hunting sling
Missiles
 d - 3 throwing nets
 g - 25 poisoned darts
 h - 2 curare-tipped darts (quivered)
Armour
 b - a +0 leather armour (worn)
Jewellery
 k - a +6 ring of dexterity
Scrolls
 a - a scroll of amnesia {unknown}
 c - a scroll of noise {unknown}
 e - 2 scrolls of identify {unknown}
 i - a scroll of fog {unknown}
 j - a scroll of enchant armour {unknown}
 l - a scroll of blinking {unknown}
Potions
 f - a potion of mutation {unknown}
 m - a potion of heal wounds {unknown}


   Skills:
 * Level 2.2 Fighting
 - Level 2.9 Long Blades
 + Level 2.2 Throwing
 + Level 0.4 Armour
 * Level 3.2 Dodging
 + Level 0.1 Stealth
 * Level 0.7 Unarmed Combat


You had 2 spell levels left.
You didn't know any spells.
Your spell library was empty.

Dungeon Overview and Level Annotations

Branches:
Dungeon (3/15)

Altars:
Makhleb

Annotations:
D:3 Sigmund


Innate Abilities, Weirdness & Mutations

You have a pair of small horns on your head.


Message History

Unknown command.
Throw: 3 darts (curare)
Press: ? - help, Q - select action, (/) - cycle Shift-Dir - straight line, f - Sigmund
Aim: Sigmund, wielding a +0 scythe and wearing a +2 robe of the Archmagi (57% to hit)
You throw a curare-tipped dart. The curare-tipped dart hits Sigmund.
Sigmund is poisoned.
Sigmund convulses.
Sigmund seems to slow down.
Sigmund is moderately wounded.
Sigmund points at himself and mumbles some strange words.
Sigmund flickers and vanishes!
Deactivating autopickup; reactivate with Ctrl-A.
Unknown command.
Unknown command.
Throw: 2 darts (curare)
Press: ? - help, Q - select action, (/) - cycle Shift-Dir - straight line, f - you
Okay, then.
Unknown command.
A magic dart appears from out of thin air!
The magic dart hits you.
A bat comes into view.
The bat closely misses you. The bat barely misses you.
The bat hits you but does no damage. x2
The bat closely misses you. The bat barely misses you.
The bat hits you but does no damage. The bat completely misses you.
The bat hits you but does no damage. The bat misses you.
A puff of flame appears from out of thin air!
The puff of flame hits you!
Unknown command.
The bat misses you. The bat hits you but does no damage.
The bat closely misses you.
A puff of flame appears from out of thin air!
The puff of flame hits you!
* * * LOW HITPOINT WARNING * * *
Unknown command.
The bat closely misses you.
A magic dart appears from out of thin air!
The magic dart hits you!
You die...

##....<..####.......
..........# #........
..........###........
................#
.........(†##...#####
###........##........
#.###..................
#..........(...........
..#@................
#b?...(....†......
#.....#####.......
#.....#####.......
#.............(...
#...#...........##
##.##{.......?..# ###
#.##...........#
.#...##.##..(........#


You could see a bat.

Vanquished Creatures
  A worm (D:2)
  A dart slug (D:2)
  An orc (D:3)
  8 giant cockroaches (D:1)
  7 hobgoblins
  A quokka (D:3)
  2 bats
  3 frilled lizards
  5 goblins
  3 kobolds
  7 rats
39 creatures vanquished.

Notes
Turn   | Place    | Note
-------+----------+-------------------------------------------
     0 | D:1      | Morbidden the Demonspawn Gladiator began the quest for the
                  | Orb.
     0 | D:1      | Reached XP level 1. HP: 16/16 MP: 1/1
   303 | D:1      | Gained mutation: You have a pair of small horns on your
                  | head. [demonic ancestry]
   303 | D:1      | Reached XP level 2. HP: 22/22 MP: 2/2
   394 | D:1      | Reached skill level 3 in Dodging
   697 | D:2      | Found a burning altar of Makhleb.
   928 | D:2      | Reached XP level 3. HP: 27/27 MP: 3/3
  1593 | D:3      | Noticed Sigmund
  1651 | D:3      | Killed from afar by Sigmund

Illustrated notes

Levels and vault maps discovered:
D:1:      moated_graveyard_arrival, layout_loops_ring, minmay_splitting_lines,
          minmay_worlds_worst_comb
D:2:      layout_basic, lemuel_round_altar
D:3:      layout_basic, uniq_sigmund

Skill      XL: |  1  2  3 |
---------------+----------+-----
Dodging        | 3 |  3.2
Throwing       | 2 |  2.2
Fighting       | |  2.2
Long Blades    | |  2.9
Armour         | |  0.4
Stealth        | |  0.1
Unarmed Combat | |  0.7

Action                   || total
-------------------------++-------
Melee: Long sword        ||    23
       Unarmed           ||    70
       Headbutt          ||    19
Throw: Dart              ||    82
 Stab: Sleeping          ||     1
Armor: Leather armour    ||    38
Dodge: Dodged            ||    67
       Rpst.: Long sword ||     6

Table legend: (Time is in decaauts)
 A = Elapsed time spent in this place.
 B = Non-inter-level travel time spent in this place.
 C = Inter-level travel time spent in this place.
 D = Time resting spent in this place.
 E = Time spent auto-exploring this place.
 F = Levels seen in this place.
 G = Mean time per level.
                   A        B        C        D        E       F      G
               +--------+--------+--------+--------+--------+-----+--------+
         Total |   1649 |   1531 |    118 |      1 |   1170 |   3 |  549.7 |
       Dungeon |   1649 |   1531 |    118 |      1 |   1170 |   3 |  549.7 |
               +--------+--------+--------+--------+--------+-----+--------+

Top non-repeatable levels by time:
     D:2: 805 daAuts
     D:1: 738 daAuts
     D:3: 106 daAuts
